 Dungeon Crawl Stone Soup version 0.30-a0-949-g53dc5368d7 (webtiles) character file.

Game seed: 16130010064779174488

39389 CowFu the Tortoise (level 13, -3/111 (114) HPs)
             Began as a Minotaur Fighter on Mar 28, 2023.
             Was a High Priest of the Shining One.
             Constricted to death by a tentacled monstrosity (8 damage)
             ... on level 5 of the Abyss.
             The game lasted 00:21:36 (12754 turns).

CowFu the Tortoise (Minotaur Fighter)              Turns: 12754, Time: 00:21:36

HP:   -3/111 (114)  AC: 26    Str: 32    XL:     13   Next: 68%
MP:   5/18          EV:  9    Int:  7    God:    the Shining One [*****.]
Gold: 2563          SH: 10    Dex:  9    Spells: 12/12 levels left

rFire   + . .      SeeInvis .    a - +7 eveningstar of Afunead {venom, rF++ Str+2}
rCold   . . .      Faith    .    M - +2 kite shield
rNeg    + + .      Spirit   .    v - +0 plate armour
rPois   .          Reflect  .    P - +0 hat
rElec   .          Rampage  .    m - +1 cloak
rCorr   +                        c - +0 pair of gloves
Will    .....                    g - +0 pair of boots Stlth
                                 l - amulet of regeneration
HPRegen 0.00/turn                f - ring "Wasonk" {rF- EV+5 Str+3 Int+2}
MPRegen 0.16/turn                e - ring of resist corrosion

@: mighty, sick, glowing, constricted, lightly drained
A: horns 2, retaliatory headbutt
a: Renounce Religion, Divine Shield, Cleansing Flame, Summon Divine Warrior


You were on level 5 of the Abyss.
You worshipped the Shining One.
The Shining One was extremely pleased with you.
You visited 1 branch of the dungeon, and saw 14 of its levels.
You visited the Abyss 1 time.
You also visited: Sewer.

You collected 2791 gold pieces.
You spent 228 gold pieces at shops.

Inventory:

Hand Weapons
 a - the +7 eveningstar of Afunead (weapon) {venom, rF++ Str+2}
   (You acquired it on level 14 of the Dungeon)

   Str:       It affects your strength (+2).
   rF:        It greatly protects you from fire.
Missiles
 s - 4 throwing nets (quivered)
Armour
 c - a +0 pair of gloves (worn)
 g - a +0 pair of boots (worn)
 i - a +2 leather armour of fire resistance
 m - a +1 cloak (worn)
 v - a +0 plate armour (worn)
 F - the +0 cloak of Apathy {Will+}
   (You bought it in a shop on level 9 of the Dungeon)

   Will:      It increases your willpower.
 L - a +1 robe of cold resistance
 M - a +2 kite shield (worn)
 P - a +0 hat (worn)
Magical Staves
 p - the staff of fire "Fujaqauq" {rF+ rC+ rCorr Str-5}
   (You found it in a sewer)

   [staff of fire]

   Base accuracy: +5 Base damage: 5 Base attack delay: 1.2 This weapon's minimum
   attack delay (0.6) is reached at skill level 12.
   Str:       It affects your strength (-5).
   rF:        It protects you from fire.
   rC:        It protects you from cold.
   rCorr:     It protects you from acid and corrosion.
   It falls into the 'Staves' category.
   It is a one-handed weapon.
Jewellery
 e - a ring of resist corrosion (right hand)
 f - the ring "Wasonk" (left hand) {rF- EV+5 Str+3 Int+2}
   (You found it on level 5 of the Dungeon)

   [ring of evasion]

   EV:        It affects your evasion (+5).
   Str:       It affects your strength (+3).
   Int:       It affects your intelligence (+2).
   rF:        It makes you vulnerable to fire.
 l - an amulet of regeneration (around neck)
 x - a +6 ring of dexterity
 D - a ring of fire
 J - an amulet of reflection
 K - a ring of ice
 Q - a ring of protection from fire
Wands
 u - a wand of iceblast (20)
 B - a wand of paralysis (15)
 G - a wand of flame (6)
 I - a wand of mindburst (5)
Scrolls
 b - 5 scrolls of identify
 h - 3 scrolls of blinking
 j - 4 scrolls of fog
 y - 3 scrolls of teleportation
 z - a scroll of amnesia
 A - a scroll of fear
 C - 2 scrolls of butterflies
 E - a scroll of immolation
 N - a scroll of enchant weapon
 R - a scroll of brand weapon
Potions
 k - 2 potions of brilliance
 r - 2 potions of haste
 t - 4 potions of mutation
 w - a potion of attraction
 H - 2 potions of flight


   Skills:
 + Level 10.7 Fighting
 - Level 14.0 Maces & Flails
 - Level 20.8 Armour
 - Level 3.6 Shields
 + Level 8.3 Invocations
 + Level 7.6 Evocations


You had 12 spell levels left.
You didn't know any spells.
Your spell library contained the following spells:

 Spells                   Type           Power      Damage    Failure   Level
 Magic Dart               Conj           0%         1d3       99%         1
 Sandblast                Erth           0%         2d4       99%         1
 Ensorcelled Hibernation  Hex/Ice        0%         N/A       100%        2
 Passwall                 Tmut/Erth      0%         N/A       100%        2
 Scorch                   Fire           0%         2d5       100%        2
 Searing Ray              Conj           0%         2d4       100%        2
 Ignite Poison            Fire/Tmut/Pois 0%         N/A       100%        3
 Inner Flame              Hex/Fire       0%         N/A       100%        3
 Kindle Blastsparks       Fire/Tloc/Air  0%         2d10      100%        3
 Spider Form              Tmut/Pois      0%         N/A       100%        3
 Stone Arrow              Conj/Erth      0%         3d7       100%        3
 Vhi's Electric Charge    Tloc/Air       0%         N/A       100%        3
 Anguish                  Hex/Necr       0%         N/A       100%        4
 Cause Fear               Hex            0%         N/A       100%        4
 Flame Wave               Conj/Fire      0%         2d4       100%        4
 Fulminant Prism          Conj/Hex       0%         3d5       100%        4
 Iskenderun's Mystic Bla  Conj/Tloc      0%         2d3       100%        4
 Sticky Flame             Conj/Fire      0%         2d3       100%        4
 Arcjolt                  Conj/Air       0%         1d10      100%        5
 Freezing Cloud           Conj/Ice/Air   0%         6-21      100%        5
 Lee's Rapid Deconstruct  Erth           0%         3d4*      100%        5
 Summon Cactus Giant      Summ           0%         N/A       100%        6
 Discord                  Hex            0%         N/A       100%        8
 Ignition                 Fire           0%         3d3       100%        8
 Maxwell's Capacitive Co  Air            0%         ∞         100%        8


Dungeon Overview and Level Annotations

Branches:
Dungeon (14/15)            Temple (0/1) D:4            Lair (0/5) D:10
    Orc (0/2) D:11         Vaults (0/5) D:14          Sewer (visited)

Altars:
Dithmenos
Fedhas
Hepliaklqana
Kikubaaqudgha
Makhleb
Okawaru
Qazlal
Ru
Sif Muna
Vehumet
Yredelemnul
Zin
The Shining One

Shops:
D:4 (   D:7 :   D:8 *   D:9 =([

Portals:
Trove: D:10 (give +4 storm dragon scales)

Annotations:
D:7 2 transporters, Jackthecabe's ghost, novice VSRe


Innate Abilities, Weirdness & Mutations

You have a pair of horns on your head.
You reflexively headbutt those who attack you in melee.


Message History

The ghost crab is almost destroyed.
You are engulfed in spectral mist.
* * * LOW HITPOINT WARNING * * *
The spectral nagaraja fades away!
The spectral shard shrike barely misses you.
The spectral shard shrike misses you. You furiously retaliate!
You headbutt the spectral shard shrike.
The spectral shard shrike closely misses you.
The apocalypse crab is engulfed in spectral mist.
Roots burst forth from the earth!
The grasping roots grab you! The grasping roots constrict you.
You puncture the tentacled monstrosity!
The tentacled monstrosity is lightly wounded.
You block the spectral shard shrike's attack.
The spectral shard shrike claws you but does no damage.
The spectral shard shrike claws you.
* * * LOW HITPOINT WARNING * * *
You partially resist. The roots lose their grip on you.
You thump the tentacled monstrosity!
You headbutt the tentacled monstrosity, but do no damage.
The tentacled monstrosity is moderately wounded.
The spectral shard shrike claws you but does no damage. x2
The tentacled monstrosity tentacle-slaps you.
* * * LOW HITPOINT WARNING * * *
The tentacled monstrosity tentacle-slaps you but does no damage.
The tentacled monstrosity tentacle-slaps you.
* * * LOW HITPOINT WARNING * * *
The tentacled monstrosity grabs you.
The tentacled monstrosity constricts you.
The spectral shard shrike claws you but does no damage.
Okay, then.
Okay, then.
You feel very mighty all of a sudden.
The spectral shard shrike fades away!
The neqoxec gestures at you.
Something tries to feed on your intellect!
The tentacled monstrosity tentacle-slaps you but does no damage. x3
The tentacled monstrosity constricts you!
You die...

.. ##..
⌠##⌠~xt⌠## .
#...# #..##
⌠~~~⌠⌠ # . #..#
..# ⌠⌠~~~⌠⌠ # #
##.... # ⌠~≈~⌠⌠
#.....## ~~≈≈≈~~
# ##..... f≈≈≈≈≈~
#......###t§≈≈≈~
#.
#....3...XtZ⌠∩⌠Z⌠
.## #... .
.#@##.#### .
.##.....# #
#...#.#...## .
.....###... . ...
#... .#. #....# .
..... ....


You could see a tentacled monstrosity, a shambling mangrove, a ghost crab, an
apocalypse crab, a spectral eight-headed hydra (summoned), a spectral
four-headed hydra (summoned) and a neqoxec.

Vanquished Creatures
  A quicksilver dragon (Abyss:4)
  A kraken (Abyss:5)
  A tentacled starspawn (Abyss:5)
  2 very ugly things (Abyss:5)
  A black draconian (Abyss:2)
  5 vault guards
  Fannar (D:12)
  4 centaur warriors
  2 boulder beetles
  3 two-headed ogres
  3 thrashing horrors
  4 skeletal warriors
  A fire crab (Abyss:5)
  2 deep elf pyromancers (D:14)
  3 starcursed masses (Abyss:3)
  2 manticores
  A wolf spider (D:13)
  An ugly thing (Abyss:5)
  6 cyclopes
  2 slime creatures (D:14)
  A gargoyle (D:13)
  2 smoke demons (Abyss:2)
  An unseen horror (D:10)
  A rime drake (D:10)
  5 trolls
  A hornet (D:13)
  Sigmund (D:3)
  2 shadows
  2 wraiths
  2 vampires (D:12)
  2 wyverns
  11 yaks
  4 fire elementals (D:14)
  7 humans (D:14)
  A chaos spawn (Abyss:2)
  3 steam dragons
  6 vampire mosquitoes
  Edmund (D:4)
  An acid dragon (D:8)
  2 water moccasins
  2 large abominations
  6 small abominations
  2 black bears (D:6)
  4 orc warriors
  2 sky beasts
  4 ice beasts
  2 wolves (D:10)
  A centaur (D:5)
  Blork the orc (D:4)
  5 kobold brigands
  9 bullfrogs
  4 scorpions
  2 gnoll sergeants
  18 wights
  3 killer bees (D:9)
  5 howler monkeys
  6 jellies
  3 hounds
  5 orc priests
  Crazy Yiuf (D:3)
  5 iguanas
  Ijyb (D:5)
  Terence (D:2)
  5 orc wizards
  11 gnolls
  10 adders
  2 river rats (D:5)
  2 shadow imps
  2 white imps
  3 ufetubi
  2 worms
  6 dart slugs
  37 orcs
  9 ball pythons
  2 endoplasms
  17 giant cockroaches
  9 goblins
  2 hobgoblins
  2 jackals (D:4)
  24 kobolds
  5 quokkas
  3 bats
  10 frilled lizards
  5 rats
  A spectral orc (D:11)
  4 tentacles (Abyss:5)
367 creatures vanquished.

Vanquished Creatures (others)
  A vault guard (D:14)
  An ancient zyme (Abyss:5)
  A chaos spawn (Abyss:5)
  3 plants (D:10)
  5 starspawn tentacles (Abyss:5)
  8 tentacles (Abyss:5)
19 creatures vanquished.

Grand Total: 386 creatures vanquished

Notes
Turn   | Place    | Note
-------+----------+-------------------------------------------
     0 | D:1      | CowFu the Minotaur Fighter began the quest for the Orb.
     0 | D:1      | Reached XP level 1. HP: 19/19 MP: 0/0
    68 | D:1      | Reached XP level 2. HP: 21/26 MP: 1/1
   573 | D:2      | Noticed Terence
   579 | D:2      | Killed Terence
   580 | D:2      | Reached XP level 3. HP: 21/31 MP: 2/2
   827 | D:3      | Reached skill level 5 in Maces & Flails
   932 | D:3      | Found an ancient bone altar of Kikubaaqudgha.
   992 | D:3      | Found a radiant altar of Vehumet.
  1024 | D:3      | Noticed Sigmund
  1027 | D:3      | Reached XP level 4. HP: 39/39 MP: 3/3
  1089 | D:3      | Killed Sigmund
  1090 | D:3      | Reached XP level 5. HP: 45/45 MP: 4/4
  1208 | D:3      | Found a glowing golden altar of the Shining One.
  1216 | D:3      | Became a worshipper of the Shining One
  1424 | D:3      | Found a runed translucent door.
  1425 | D:3      | Noticed Crazy Yiuf
  1611 | D:3      | Found a basalt altar of Yredelemnul.
  1889 | D:3      | Killed Crazy Yiuf
  1890 | D:3      | Reached XP level 6. HP: 29/51 MP: 3/5
  1893 | D:3      | Identified the +5 hammer of the Hidden Vale {heavy, rF+
                  | rCorr}
  2286 | D:4      | Found Yvaacao's Weapon Boutique.
  2522 | D:4      | Noticed Edmund
  2532 | D:4      | Killed Edmund
  2593 | D:4      | Noticed Blork the orc
  2600 | D:4      | Killed Blork the orc
  2601 | D:4      | Reached XP level 7. HP: 44/57 MP: 6/6
  2653 | D:4      | Found a glowing silver altar of Zin.
  2884 | D:4      | Found a staircase to the Ecumenical Temple.
  3349 | D:5      | Entered Level 5 of the Dungeon
  3350 | D:5      | Identified a scroll of acquirement
  3350 | D:5      | Acquired a manual of Armour
  3356 | D:5      | Noticed a wyvern
  3365 | D:5      | Killed a wyvern
  3366 | D:5      | Reached skill level 10 in Maces & Flails
  3461 | D:5      | Identified the ring "Wasonk" {rF- EV+5 Str+3 Int+2}
  3509 | D:5      | Found a shadowy altar of Dithmenos.
  3517 | D:5      | Reached XP level 8. HP: 57/64 MP: 7/7
  3618 | D:5      | Found a glowing drain.
  3622 | Sewer    | Entered a sewer
  3853 | Sewer    | Identified the staff of fire "Fujaqauq" {rF+ rC+ rCorr
                  | Str-5}
  4194 | D:5      | Identified the +1 leather armour of Kiovaun {rF+ Str-4
                  | Dex+2}
  4429 | D:5      | Noticed Ijyb
  4433 | D:5      | Killed Ijyb
  4458 | D:5      | Reached * piety under the Shining One
  4788 | D:6      | Found a stormy altar of Qazlal.
  4874 | D:6      | Reached skill level 4 in Armour
  4874 | D:6      | Reached XP level 9. HP: 70/70 MP: 8/8
  4887 | D:6      | Found a shimmering blue altar of Sif Muna.
  4965 | D:6      | Reached skill level 5 in Armour
  5213 | D:6      | Found a burning altar of Makhleb.
  5219 | D:6      | Reached skill level 6 in Armour
  5450 | D:7      | Reached skill level 7 in Armour
  5580 | D:7      | Found Tuxucap's Book Emporium.
  5601 | D:7      | Reached skill level 8 in Armour
  5693 | D:7      | Reached skill level 9 in Armour
  5697 | D:7      | Noticed Jackthecabe's ghost (novice VSRe)
  5699 | D:7      | Found a transporter.
  5704 | D:7      | Found a transporter.
  6128 | D:8      | Reached ** piety under the Shining One
  6134 | D:8      | Reached skill level 10 in Armour
  6144 | D:8      | Reached skill level 11 in Armour
  6210 | D:8      | Reached skill level 12 in Armour
  6285 | D:8      | Found Voschynu's CLEARANCE SALE!.
  6312 | D:8      | Reached skill level 13 in Armour
  6442 | D:8      | Reached skill level 14 in Armour
  6533 | D:8      | Reached XP level 10. HP: 69/77 MP: 9/9
  6667 | D:8      | Reached skill level 15 in Armour
  6765 | D:8      | Noticed a two-headed ogre
  6772 | D:8      | Killed a two-headed ogre
  6773 | D:8      | Reached skill level 16 in Armour
  6774 | D:8      | Reached *** piety under the Shining One
  6911 | D:8      | Found an iron altar of Okawaru.
  6943 | D:9      | Found Vaykiwu's Jewellery Boutique.
  7000 | D:9      | Found a blossoming altar of Fedhas.
  7097 | D:9      | Reached skill level 17 in Armour
  7212 | D:9      | Found Imu Paukiveck's Antique Weapon Shoppe.
  7244 | D:9      | Found Reysosouro's Antique Armour Boutique.
  7247 | D:9      | Bought a scorched cloak for 228 gold pieces
  7247 | D:9      | Identified the +0 cloak of Apathy {Will+} (You bought it in
                  | a shop on level 9 of the Dungeon)
  7356 | D:9      | Found a sacrificial altar of Ru.
  7376 | D:9      | Noticed a two-headed ogre
  7382 | D:9      | Killed a two-headed ogre
  7383 | D:9      | Reached skill level 18 in Armour
  7493 | D:9      | Reached XP level 11. HP: 67/82 MP: 10/10
  8214 | D:10     | Entered Level 10 of the Dungeon
  8256 | D:10     | Found a staircase to the Lair.
  8404 | D:10     | Found a hazy altar of Hepliaklqana.
  8417 | D:10     | Noticed a two-headed ogre
  8422 | D:10     | Killed a two-headed ogre
  8423 | D:10     | Reached skill level 19 in Armour
  8639 | D:10     | Noticed a boulder beetle
  8651 | D:10     | Killed a boulder beetle
  8817 | D:10     | Noticed a vault guard
  8817 | D:10     | Reached **** piety under the Shining One
  8835 | D:10     | Killed a vault guard
  8871 | D:10     | Found a portal to a secret trove of treasure.
  8903 | D:11     | Noticed a skeletal warrior
  8904 | D:11     | Noticed a skeletal warrior
  8915 | D:11     | Killed a skeletal warrior
  8916 | D:11     | Reached skill level 20 in Armour
  8916 | D:11     | Noticed a skeletal warrior
  8921 | D:11     | Killed a skeletal warrior
  8925 | D:11     | Noticed a skeletal warrior
  8999 | D:10     | Killed a skeletal warrior
  9010 | D:11     | Killed a skeletal warrior
  9312 | D:11     | Noticed a boulder beetle
  9326 | D:11     | Killed a boulder beetle
  9327 | D:11     | Reached skill level 1 in Invocations
  9438 | D:11     | Found a basalt altar of Yredelemnul.
  9527 | D:11     | Found a staircase to the Orcish Mines.
  9744 | D:12     | Reached skill level 1 in Evocations
  9797 | D:12     | Reached XP level 12. HP: 91/91 MP: 10/12
 10100 | D:12     | Reached skill level 5 in Fighting
 10100 | D:12     | Noticed Fannar
 10109 | D:12     | Killed Fannar
 10624 | D:13     | Noticed a centaur warrior
 10633 | D:13     | Killed a centaur warrior
 10756 | D:13     | Noticed a centaur warrior
 10765 | D:13     | Killed a centaur warrior
 10843 | D:13     | Noticed a centaur warrior
 10855 | D:13     | Killed a centaur warrior
 11356 | D:14     | Acquired the +7 eveningstar of Afunead {venom, rF++ Str+2}
 11387 | D:14     | Reached skill level 5 in Invocations
 11391 | D:14     | Acquired 826 gold pieces
 11393 | D:14     | Acquired 1064 gold pieces
 11629 | D:14     | Noticed a centaur warrior
 11637 | D:14     | Killed a centaur warrior
 11638 | D:14     | Reached skill level 5 in Evocations
 11761 | D:14     | Reached ***** piety under the Shining One
 11858 | D:14     | Killed a vault guard
 11950 | D:14     | Noticed a vault guard
 11950 | D:14     | Noticed a vault guard
 11955 | D:14     | Noticed a vault guard
 11969 | D:14     | Killed a vault guard
 11976 | D:14     | Reached XP level 13. HP: 79/108 MP: 16/16
 12078 | D:14     | Found a gate to the Vaults.
 12252 | Abyss:2  | Cast into level 2 of the Abyss (a wizard)
 12304 | Abyss:2  | Noticed a black draconian
 12313 | Abyss:2  | Killed a black draconian
 12383 | Abyss:3  | Noticed a starcursed mass
 12406 | Abyss:4  | Noticed a quicksilver dragon
 12406 | Abyss:4  | Noticed a green draconian monk
 12408 | Abyss:4  | Found a transporter.
 12434 | Abyss:4  | Killed a quicksilver dragon
 12631 | Abyss:5  | Noticed a white very ugly thing
 12637 | Abyss:5  | Noticed a white very ugly thing
 12638 | Abyss:5  | Killed a white very ugly thing
 12639 | Abyss:5  | Reached skill level 10 in Fighting
 12644 | Abyss:5  | HP: 1/113 [white very ugly thing (24)]
 12645 | Abyss:5  | The Shining One protects you from harm!
 12649 | Abyss:5  | Killed a white very ugly thing
 12654 | Abyss:5  | Noticed a crystal guardian
 12660 | Abyss:5  | Noticed a quicksilver dragon
 12675 | Abyss:5  | Noticed a kraken
 12705 | Abyss:5  | Noticed a tentacled starspawn
 12735 | Abyss:5  | Killed a tentacled starspawn
 12743 | Abyss:5  | Noticed a spectral shard shrike
 12744 | Abyss:5  | Killed a kraken
 12747 | Abyss:5  | Noticed a tentacled monstrosity
 12753 | Abyss:5  | HP: 5/111 [tentacled monstrosity (3)]
 12754 | Abyss:5  | Constricted to death by a tentacled monstrosity

Illustrated notes

Levels and vault maps discovered:
D:1:      lemuel_arrival_hallway, layout_basic
D:2:      layout_rooms, uniq_terence
D:3:      layout_basic, nicolae_overflow_crystal_walls, general_overflow_altar,
          marbit_many_paths, mainiacjoe_overflow_paths, uniq_crazy_yiuf_cottage,
          uniq_sigmund
D:4:      layout_layer_cave, kennysheep_mini_moat, minmay_temple_entry_fiery,
          serial_shops, shop_fountains, minmay_crystal_room, st_stairs_3,
          chequers_arboretum, grunt_decor_clamped, uniq_blork_the_orc,
          uniq_edmund
D:5:      layout_loops_ring, lemuel_tele_altar, gup_sewer_entry_spiral,
          minmay_checkerbox, uniq_ijyb
D:6:      layout_cave_pods, mainiacjoe_overflow_surrounded_room,
          makhleb_heckhound_becter, nicolae_qazlal_general_emergency
D:7:      layout_basic, serial_shops, nicolae_shop_behind_doors,
          serial_aquarium, aquarium_bridge_long_separate
          [aquarium_subvault_wall, aquarium_subvault_window,
          aquarium_subvault_bridge, aquarium_subvault_bridge,
          aquarium_subvault_bridge, aquarium_subvault_bridge],
          aquarium_bridge_square [aquarium_subvault_wall,
          aquarium_subvault_balcony, aquarium_subvault_bridge,
          aquarium_subvault_window], aquarium_window_corridor_3,
          aquarium_window_2, aquarium_window_1, aquarium_view_2a,
          gammafunk_ghost_hive
D:8:      minmay_razor_zed, layout_rooms, okawaru_altar_gauntlet_db,
          nicolae_shop_clearance
D:9:      layout_layer_cave, nicolae_ru_sacrificial_ziggurat, fedhas_altar_2,
          serial_shops, nicolae_shop_waterfront, nicolae_shop_trees,
          kennysheep_mini
D:10:     layout_roguey, mainiacjoe_overflow_chevrons, hellmonk_lair_entry_icy,
          enter_trove_5
D:11:     layout_loops_ring, hiddenorc1_lemuel,
          yredelemnul_forgotten_temple_becter
D:12:     layout_basic, uniq_fannar
D:13:     minmay_bloctagon_deflated, layout_irregular_city,
          minmay_strange_pillars
D:14:     cheibrodos_lost_city_excavation, layout_loops_ring,
          ximxim_vaults_locker_room
Abyss:5:  base: D:9, evilmike_nicolae_abyss_rune_betentacled_crabyss

Skill      XL: |  1  2  3  4  5  6  7  8  9 10 11 12 13 |
---------------+----------------------------------------+-----
Maces & Flails | 3 4 5 7 9 11 14 | 14.0
Armour         | 4 14 18 20 | 20.8
Fighting       | 4 8 10 | 10.7
Invocations    | 1 6 8 |  8.3
Evocations     | 1 5 7 |  7.6
Shields        | |  3.6

Action                     |  1- 3 |  4- 6 |  7- 9 | 10-12 | 13-15 || total
---------------------------+-------+-------+-------+-------+-------++-------
  Melee: Flail             |    61 |    26 |    38 |   352 |       ||   477
         Headbutt          |     5 |     9 |    30 |   112 |    34 ||   190
         Mace              |       |    28 |   178 |       |       ||   206
         Eveningstar       |       |       |       |    64 |   110 ||   174
 Invoke: Cleansing Flame   |       |       |       |       |     5 ||     5
    Use: Potion            |       |     1 |     2 |     1 |    13 ||    17
         Scroll            |       |       |    15 |    12 |     2 ||    29
 Armour: Scale mail        |    28 |    32 |    58 |       |       ||   118
         Skin              |       |       |     3 |       |       ||     3
         Chain mail        |       |       |    21 |       |       ||    21
         Plate armour      |       |       |    11 |   183 |    96 ||   290
  Dodge: Dodged            |    30 |    23 |   167 |   216 |    72 ||   508
  Block: Buckler           |    14 |     6 |    56 |    49 |       ||   125
         Kite shield       |       |       |       |    63 |    80 ||   143

Table legend: (Time is in decaauts)
 A = Elapsed time spent in this place.
 B = Non-inter-level travel time spent in this place.
 C = Inter-level travel time spent in this place.
 D = Time resting spent in this place.
 E = Time spent auto-exploring this place.
 F = Levels seen in this place.
 G = Mean time per level.
                   A        B        C        D        E       F      G
               +--------+--------+--------+--------+--------+-----+--------+
         Total |  12859 |  12169 |    690 |     42 |   9303 |  19 |  676.8 |
       Dungeon |  11863 |  11173 |    690 |     32 |   9119 |  14 |  847.4 |
         Abyss |    479 |    479 |      0 |     10 |     93 |   4 |  119.8 |
         Sewer |    515 |    515 |      0 |      0 |     91 |   1 |  515.0 |
               +--------+--------+--------+--------+--------+-----+--------+

Top non-repeatable levels by time:
     D:4: 1375 daAuts
     D:9: 1315 daAuts
     D:3: 1198 daAuts
     D:5: 977 daAuts
    D:14: 960 daAuts
    D:11: 857 daAuts
     D:8: 824 daAuts
    D:10: 773 daAuts
     D:6: 757 daAuts
     D:7: 683 daAuts
    D:12: 666 daAuts
    D:13: 665 daAuts
   Sewer: 515 daAuts
     D:1: 453 daAuts
     D:2: 356 daAuts
